 Seeded DCSS version 0.30.1-4-g462c640d31 (webtiles) character file.

Game seed: 2842366465528096812 (custom seed)

1775 Psyclone the Covert (level 9, -13/47 (51) HPs)
             Began as an Octopode Venom Mage on Sept 18, 2023.
             Was an Initiate of Gozag.
             Mangled by a wight
             ... wielding a +4 battleaxe
              (16 damage)
             ... on level 7 of the Dungeon.
             The game lasted 00:12:55 (4227 turns).

Psyclone the Covert (Octopode Venom Mage)           Turns: 4227, Time: 00:12:55

HP:   -13/47 (51)   AC:  3    Str:  7    XL:     9   Next: 8%
MP:   4/12          EV: 14    Int: 22    God:    Gozag
Gold: 358           SH:  0    Dex: 12    Spells: 2/12 levels left

rFire   . . .        d - +0 dagger
rCold   . . .        (no shield)
rNeg    . . .        b - +2 hood of the Assassin {Detect Stab+ Stlth++}
rPois   .            k - amulet of regeneration
rElec   .            (no ring)
rCorr   .            (no ring)
SInv    .            (no ring)
Will    .....        (no ring)
Stlth   +++++++      (no ring)
HPRegen 1.07/turn    (no ring)
MPRegen 0.13/turn    (no ring)
                     (no ring)

%: no passive effects
@: about to teleport, gold aura, drained
A: almost no armour, amphibious, 8 rings, camouflage 1, gelatinous body 1,
(nimble swimmer 1), tentacles
a: Renounce Religion, Potion Petition, Call Merchant, Bribe Branch


You were on level 7 of the Dungeon.
You worshipped Gozag.
Gozag was aware of your devotion.
You visited 2 branches of the dungeon, and saw 7 of its levels.

You collected 405 gold pieces.
You paid 47 gold pieces to Gozag.

Inventory:

Hand Weapons
 d - a +0 dagger (weapon)
Armour
 b - the +2 hood of the Assassin (worn) {Detect Stab+ Stlth++}
   (You acquired it on level 2 of the Dungeon)

   Detect:    It allows the wearer to sense nearby creatures.
   Stab+:     It allows the wearer to make particularly effective stabbing
   attacks against helpless or unaware enemies with any weapon.
   Stlth:     It makes you much more stealthy.
Jewellery
 k - an amulet of regeneration (around mantle)
 p - a ring of fire
 t - a ring of flight
Wands
 w - a wand of roots (4)
Scrolls
 g - 2 scrolls of fear {unknown}
 h - 3 scrolls of magic mapping {unknown}
 i - 5 scrolls of teleportation
 j - 2 scrolls of noise {unknown}
 l - 3 scrolls of identify {unknown}
 m - a scroll of amnesia {unknown}
 u - a scroll of vulnerability {unknown}
 v - 2 scrolls of enchant weapon {unknown}
 x - a scroll of enchant armour {unknown}
 y - a scroll of poison {unknown}
Potions
 a - 2 potions of magic
 c - 2 potions of heal wounds
 e - 2 potions of attraction {unknown}
 f - a potion of degeneration {unknown}
 n - a potion of haste {unknown}
 o - 2 potions of curing {unknown}
 q - a potion of berserk rage {unknown}
 r - 2 potions of brilliance {unknown}
 s - a potion of ambrosia {unknown}


   Skills:
 - Level 8.0 Short Blades
 + Level 5.1 Dodging
 - Level 8.0 Stealth
 - Level 2.4 Spellcasting
 - Level 1.7 Transmutations
 * Level 5.1 Poison Magic


You had 2 spell levels left.
You knew the following spells:

 Your Spells              Type           Power      Damage    Failure   Level
a - Poisonous Vapours     Pois/Air       26%        N/A       7%          2
b - Sting                 Tmut/Pois      68%        1d6       3%          1
d - Mephitic Cloud        Conj/Pois/Air  10%        N/A       21%         3
x - Olgreb's Toxic Radia  Pois           25%        N/A       16%         4

Your spell library contained the following spells:

 Spells                   Type           Power      Damage    Failure   Level


Dungeon Overview and Level Annotations

Branches:
Dungeon (5/15) Zot: 26702  Temple (1/1) D:4 Zot: 5884

Altars:
Cheibriados
Dithmenos
Elyvilon
Fedhas
Gozag
Hepliaklqana
Kikubaaqudgha
Nemelex Xobeh
Okawaru
Sif Muna
Trog
Uskayaw
Vehumet
Wu Jian
Xom
Yredelemnul
The Shining One

Shops:
D:2 [(*   D:5 [


Innate Abilities, Weirdness & Mutations

You cannot wear most types of armour.
You are amphibious.
You can wear up to eight rings at the same time.
Your skin changes colour to match your surroundings (Stealth+).
Your rubbery body absorbs attacks. (AC +1, EV +1)
((You are camouflaged when in or above water. (Stealth+)))
You have tentacles for arms and can constrict up to eight enemies at once.


Message History

You hit the wight but do no damage.
The wight is moderately damaged.
You constrict the wight. You barely miss the wight. You squeeze the wight.
The wight is moderately damaged.
You constrict the wight, but do no damage.
The wight hits you with a +4 battleaxe!!
You take 19 damage, and have 15/44 hp.
MASSIVE DAMAGE!!
You hit the wight but do no damage.
The wight is moderately damaged.
You constrict the wight, but do no damage.
You kill the hornet!
The wight hits you with a +4 battleaxe!
* * * LOW HITPOINT WARNING * * *
You feel drained.
Your life force feels restored.
Your Dodging skill increases to level 5!
Your Poison Magic skill increases to level 5!
You have reached level 9!
Your experience leads to an increase in your attributes!
Increase (S)trength, (I)ntelligence, or (D)exterity?
You feel clever. x2
A wight comes into view. It is wielding a +1 great sword.
You take 13 damage, and have 2/51 hp.
MASSIVE DAMAGE!!
Okay, then.
It was a potion of heal wounds.
You feel much better.
You constrict the wight. The wight hits you with a +4 battleaxe!
You feel drained.
Your magical contamination has completely faded away.
You regained 13 hp, and now have 15/49 hp.
As you read the scroll labelled MOAL JOWKAIKKAIC, it crumbles to dust.
You feel strangely unstable.
It was a scroll of teleportation.
You constrict the wight. The wight hits you with a +4 battleaxe!
* * * LOW HITPOINT WARNING * * *
You feel drained.
* * * LOW HITPOINT WARNING * * *
You take 12 damage, and have 3/47 hp.
MASSIVE DAMAGE!!
You release your grip on the wight.
The wight attacks as you move away! The wight hits you with a +4 battleaxe!
You die...
Your body crumbles into a pile of gold.

#..#.# ..y #..#.# z..
#..#.# #.##
########..#.###..K #
#..........<.....#.##
#.######.#..#z##.....
#.# #.#..zK{K.# #.#
#.#.##z#### #.#
#.#.###@# #.# #.#.#
##.# #.# #.#?# ## #.#
#.#.# { #.# #.#
###.### #. ......#
#.....# #.....#


You could see a kobold brigand and 3 wights.

Vanquished Creatures
  Maggie (D:7)
  2 hornets (D:7)
  Grinder (D:3)
  3 black bears
  2 phantoms
  2 howler monkeys (D:7)
  A hound (D:4)
  A centaur skeleton (D:4)
  A scorpion zombie (D:4)
  2 iguanas (D:5)
  Natasha (thrice) (D:3)
  A hound zombie (D:4)
  2 hound skeletons (D:4)
  A howler monkey skeleton (D:4)
  4 adders
  3 gnolls (D:4)
  An adder zombie (D:4)
  An adder skeleton (D:4)
  A worm (D:3)
  3 dart slugs
  2 bats (D:1)
  8 endoplasms
  4 giant cockroaches
  8 hobgoblins
  5 jackals
  5 quokkas
  4 ball pythons
  3 frilled lizards
  6 goblins
  10 kobolds
  A quokka zombie (D:4)
  2 rats
94 creatures vanquished.

Notes
Turn   | Place    | Note
-------+----------+-------------------------------------------
     0 | D:1      | Psyclone the Octopode Venom Mage began the quest for the
                  | Orb.
     0 | D:1      | Reached XP level 1. HP: 11/11 MP: 3/3
   106 | D:2      | Identified a scroll of acquirement
   106 | D:2      | Acquired the +2 hood of the Assassin {Detect Stab+ Stlth++}
   106 | D:2      | Found the +2 hood of the Assassin {Detect Stab+ Stlth++}
   156 | D:2      | Reached XP level 2. HP: 14/17 MP: 0/5
   302 | D:1      | Learned a level 2 spell: Poisonous Vapours
   550 | D:1      | Reached XP level 3. HP: 19/21 MP: 2/6
   729 | D:2      | Found an ornate altar of the Wu Jian Council.
   807 | D:2      | Found Lapoggae's General Store.
   909 | D:2      | Found Ebrec's Antique Weapon Shoppe.
  1139 | D:2      | Found a faded altar of an unknown god.
  1291 | D:2      | Found Leiddamu's Antique Armour Emporium.
  1467 | D:3      | Noticed Grinder
  1576 | D:3      | Found a sparkling altar of Nemelex Xobeh.
  1614 | D:3      | Reached XP level 4. HP: 27/27 MP: 7/7
  1657 | D:3      | Reached skill level 1 in Short Blades
  1765 | D:3      | Noticed Natasha
  1773 | D:3      | Killed Natasha
  1796 | D:3      | Noticed Natasha
  1803 | D:3      | Killed Natasha
  1804 | D:3      | Reached XP level 5. HP: 31/31 MP: 3/8
  2023 | D:3      | Found an ornate altar of the Wu Jian Council.
  2133 | D:3      | Noticed Natasha
  2141 | D:3      | Killed Natasha
  2255 | D:3      | Paralysed by Grinder for 5 turns
  2272 | D:3      | Paralysed by Grinder for 2 turns
  2276 | D:3      | Killed Grinder
  2277 | D:3      | Reached XP level 6. HP: 12/36 MP: 9/9
  2305 | D:4      | Noticed a black bear
  2309 | D:4      | Killed a black bear
  2310 | D:4      | Reached XP level 7. HP: 41/41 MP: 10/10
  2453 | D:4      | Learned a level 3 spell: Mephitic Cloud
  2458 | D:4      | Learned a level 4 spell: Olgreb's Toxic Radiance
  2505 | D:4      | Identified the +8 hand axe of Duhafonwoe {spect, rPois}
  2605 | D:4      | Found a staircase to the Ecumenical Temple.
  2610 | Temple   | Entered the Ecumenical Temple
  2617 | Temple   | Became a worshipper of Gozag Ym Sagoz the Greedy
  2918 | D:4      | Reached skill level 5 in Short Blades
  3496 | D:5      | Entered Level 5 of the Dungeon
  3624 | D:5      | Reached XP level 8. HP: 46/46 MP: 11/11
  3904 | D:5      | Found Fionn's Antique Armour Emporium.
  3911 | D:5      | You fall into a shaft and drop 2 floors!
  3958 | D:7      | Noticed Maggie
  3984 | D:7      | Killed Maggie
  4090 | D:7      | Noticed a hornet
  4098 | D:7      | Killed a hornet
  4191 | D:7      | Noticed a hornet
  4224 | D:7      | Killed a hornet
  4224 | D:7      | HP: 2/44 [wight/+4 battleaxe (14)]
  4225 | D:7      | Reached skill level 5 in Dodging
  4225 | D:7      | Reached skill level 5 in Poison Magic
  4225 | D:7      | Reached XP level 9. HP: 2/51 MP: 4/12
  4227 | D:7      | Mangled by a wight

Illustrated notes

Levels and vault maps discovered:
D:1:      heliophobic_arrival_enchanted_forest, layout_rooms
D:2:      layout_loops_ring, serial_shops, shop, nicolae_square_shop, shop,
          basic_altar, shapermc_ecumenical_altar_starsandcircs,
          minmay_misc_feat_iff, kennysheep_doodads, minivault_19
D:3:      layout_loops_ring, nemelex_xobeh_ov_fountains_minmay,
          mainiacjoe_overflow_brackets, uniq_natasha, uniq_grinder
D:4:      layout_loops_corners, minmay_temple_entry_arrows, serial_undead,
          serial_undead_b, serial_undead_c, serial_undead_d, serial_undead_e,
          abandoned_shop
D:5:      nicolae_BIG_FREAKIN_CUBE, layout_basic, serial_shops, shop
D:7:      layout_loops_ring, gammafunk_ghost_necromancy, uniq_maggie
Temple:   nicolae_temple_superstar

Skill      XL: |  1  2  3  4  5  6  7  8 |
---------------+-------------------------+-----
Stealth        | 3 4 6 7 8 |  8.0
Poison Magic   | 4 5 |  5.1
Short Blades   | 2 3 4 6 8 |  8.0
Dodging        | 5 |  5.1
Spellcasting   | |  2.4
Transmutations | |  1.7

Action                     |  1- 3 |  4- 6 |  7- 9 || total
---------------------------+-------+-------+-------++-------
  Melee: Unarmed           |    10 |       |       ||    10
         Tentacles         |    16 |    14 |    40 ||    70
         Constrict         |    16 |     9 |    26 ||    51
         Dagger            |    61 |    50 |   151 ||   262
         Punch             |     1 |       |     3 ||     4
   Cast: Sting             |    11 |       |       ||    11
         Poisonous Vapours |     6 |     2 |    19 ||    27
    Use: Scroll            |     1 |       |     1 ||     2
         Potion            |       |       |     1 ||     1
   Stab: Sleeping          |    14 |     4 |    12 ||    30
         Distracted        |       |       |     3 ||     3
 Armour: Skin              |    10 |     6 |    22 ||    38
  Dodge: Dodged            |    41 |    16 |    74 ||   131
